Cogmind - Beta 15 @@@ ROGUE MODE // 2025.06.17 @ 12:07:43 Player: LightKnight Result: Destroyed by S-43 Plague with Heavy Machine Gun Performance ------------- Evolutions (7) 3500 Regions Visited (26) 5200 Robots Destroyed (342) 1710 Value Destroyed (13982) 13982 Prototype IDs (71) 1420 Alien Tech Used (4) 800 Bonus (4724) 4724 TOTAL SCORE: 31336 Bonus ------- High Alert Combat Kills 2159 Follower Combat Kills 864 Entered Garrisons 600 Aligned with FarCom 300 Met Data Miner 300 Acquired ECA 300 Scanned by Researcher 500 Friendly Fire -299 Cogmind --------- Core Integrity 0/1300 Matter 214/300 Energy 48/100 System Corruption 9% Temperature Cool (0) Movement Core (50) Location -3/Protoforge Parts ------- > --- POWER (2) -------- (None) > --- PROPULSION (6) --- (None) > --- UTILITY (10) ----- Advanced Signal Interpreter Advanced Targeting Computer Improved Launcher Guidance Computer Advanced Target Analyzer Armor Integrity Analyzer > --- WEAPON (3) ------- (None) > --- INVENTORY (5) ---- Nova Cannon Peak State ------------ > --- POWER ------------ Particle Reactor Particle Reactor > --- PROPULSION ------- Advanced Medium Treads Advanced Medium Treads Advanced Medium Treads Advanced Medium Treads Flexi-carbon Leg Flexi-carbon Leg > --- UTILITY ---------- Advanced Power Amplifier Advanced Heat Sink Improved Cooling System Advanced Cooling System High-capacity Storage Unit Enhanced Optical Array Improved Launcher Guidance Computer Core Analyzer Armor Integrity Analyzer Advanced Dynamic Insulation System > --- WEAPON ----------- Nova Cannon Nova Cannon Nova Cannon > --- INVENTORY -------- Particle Reactor Flexi-carbon Leg Flexi-carbon Leg Advanced Power Amplifier Advanced Heat Sink Advanced Heat Sink Advanced Heat Sink Advanced Heat Sink Advanced Signal Interpreter Improved Thermal Shield Dispersion Rifle Heavy Disruptor Cannon Compact HERF Cannon Matter Neutralizer Nova Cannon Heavy Rocket Launcher [Rating: 138] Favorites ----------- Power Light Antimatter Reactor Engine Heavy Deuterium Engine Power Core Light Nuclear Core Reactor Light Antimatter Reactor Propulsion Light Treads Treads Light Treads Leg Flexi-carbon Leg Wheel Wheel Flight Unit Nuclear Pulse Array Utility Large Storage Unit Device Advanced Heat Sink Storage Large Storage Unit Processor Improved Target Analyzer Hackware System Shield Protection Medium Armor Plating Artifact Phase Armor Weapon Advanced Beam Rifle Energy Gun Advanced Beam Rifle Energy Cannon Nova Cannon Ballistic Gun Minigun Ballistic Cannon Assault Cannon Launcher Rocket Launcher Slashing Weapon Longsword +1 Build | -11 -10 -10 -9 -9 -9 -8 -8 -8 -8 -7 -7 -7 -7 -6 -6 -6 -5 -5 -5 -4 -4 -4 -4 -3 -3 -3 ------- Run | Yrd Mat Min Mat Min Exi Min Mat Gar Mat Fac Low Low Dat Pro Fac Gar Fac Was Fac Fac Was Fac Gar Res Qua Frg Slots Evolved 14 | . . . 2 . . . 2 . . 2 . . . . 2 . 2 . . 2 . . . 2 . . Power 1 | . . . . . . . . . . . . . . . . . . . . 1 . . . . . . Propulsion 4 | . . . 1 . . . . . . . . . . . 1 . 2 . . . . . . . . . Utility 8 | . . . . . . . 2 . . 2 . . . . 1 . . . . 1 . . . 2 . . Weapon 1 | . . . 1 . . . . . . . . . . . . . . . . . . . . . . . Parts Attached 244 | 1 13 2 18 . 9 2 19 5 23 8 4 1 . 9 1 12 2 19 33 2 3 7 23 17 11 . Power 26 | . 2 1 2 . 2 . . 1 1 . . . . 2 . 1 . 2 4 1 . 1 2 3 1 . Engine 9 | . 1 . 1 . 2 . . 1 . . . . . 1 . . . . 2 1 . . . . . . Core 6 | . 1 1 1 . . . . . . . . . . 1 . . . 1 . . . . 1 . . . Reactor 11 | . . . . . . . . . 1 . . . . . . 1 . 1 2 . . 1 1 3 1 . Propulsion 71 | . 2 . 9 . 4 . 6 2 12 1 . . . 4 . 2 1 3 8 . 1 1 9 4 2 . Treads 45 | . 2 . 9 . 4 . 3 2 12 1 . . . 4 . . . 3 1 . . . . 4 . . Leg 22 | . . . . . . . 3 . . . . . . . . . . . 7 . 1 . 9 . 2 . Wheel 1 | . . . . . . . . . . . . . . . . . . . . . . 1 . . . . Hover . | . . . . . . . . . . . . . . . . . . . . . . . . . . . Flight 3 | . . . . . . . . . . . . . . . . 2 1 . . . . . . . . . Utility 77 | . 3 . 1 . 2 1 6 . 2 6 2 1 . 1 1 4 1 9 13 1 . 3 7 7 6 . Device 39 | . . . . . 2 1 2 . 1 3 1 1 . 1 1 2 . 4 6 1 . 2 7 3 1 . Storage 4 | . 1 . . . . . 1 . 1 . . . . . . . . . . . . 1 . . . . Processor 18 | . . . . . . . 2 . . 1 1 . . . . 2 1 . 3 . . . . 4 4 . Hackware 2 | . . . . . . . . . . . . . . . . . . . 2 . . . . . . . Protection 13 | . 2 . 1 . . . 1 . . 2 . . . . . . . 5 2 . . . . . . . Artifact 1 | . . . . . . . . . . . . . . . . . . . . . . . . . 1 . Weapon 70 | 1 6 1 6 . 1 1 7 2 8 1 2 . . 2 . 5 . 5 8 . 2 2 5 3 2 . Energy Gun 23 | . 1 . . . . . 2 . 6 1 1 . . 1 . 2 . 4 3 . . 1 . 1 . . Energy Cannon 14 | . 2 . 1 . . . . . . . . . . . . . . 1 . . . 1 5 2 2 . Ballistic Gun 19 | 1 3 . 3 . . . 5 1 2 . . . . . . 2 . . 1 . 1 . . . . . Ballistic Cannon 6 | . . 1 2 . . 1 . . . . . . . 1 . . . . 1 . . . . . . . Launcher 7 | . . . . . 1 . . . . . 1 . . . . 1 . . 3 . 1 . . . . . Special Weapon . | . . . . . . . . . . . . . . . . . . . . . . . . . . . Impact Weapon . | . . . . . . . . . . . . . . . . . . . . . . . . . . . Slashing Weapon 1 | . . . . . . . . 1 . . . . . . . . . . . . . . . . . . Piercing Weapon . | . . . . . . . . . . . . . . . . . . . . . . . . . . . Special Melee Weapon . | . . . . . . . . . . . . . . . . . . . . . . . . . . . Unidentified Prototypes 25 | . . . 3 . 2 1 2 . 2 1 1 . . . . . . 2 3 . . 1 . 2 5 . Parts Lost 102 | . 1 . 1 . 9 1 1 4 . . . 2 . 12 . 13 . 3 14 . . 4 9 8 19 1 Power 13 | . 1 . . . 1 . . 1 . . . . . 2 . . . . 2 . . . 2 2 2 . Propulsion 35 | . . . . . 3 1 . . . . . . . 4 . 4 . . 5 . . 2 4 4 8 . Utility 24 | . . . 1 . 1 . 1 1 . . . 2 . 3 . 3 . 1 4 . . 1 . 1 4 1 Weapon 30 | . . . . . 4 . . 2 . . . . . 3 . 6 . 2 3 . . 1 3 1 5 . Highest Loss Streak 9 | . 1 . 1 . 6 1 1 1 . . . 2 . 9 . 8 . 3 5 . . 2 4 6 8 1 To Critical Strikes 7 | . . . . . 2 . . 1 . . . . . . . . . . . . . . . 1 3 . Average Backups 10 | 6 11 15 14 15 7 10 11 11 11 11 11 11 9 5 6 8 5 4 4 4 5 4 11 16 13 3 Power . | 1 . 1 1 1 . . . . . 1 1 1 1 . 2 3 3 1 . . . . 1 1 . . Propulsion 2 | 4 4 6 5 6 2 2 3 2 2 3 3 3 3 2 . . . . . . . . 2 1 . . Utility 3 | . 1 2 3 4 2 6 4 4 4 3 3 2 2 . 1 1 1 1 2 2 2 2 3 7 6 . Weapon 3 | 1 4 5 4 4 2 2 3 3 4 4 4 3 2 1 2 4 . . 1 2 3 2 4 5 3 . Tool/Special . | . . . . . . . . . . . . . . . . . . . . . . . . . . . Unused Backups 45 | . 13 3 4 . 3 . 3 3 3 2 . . . . . 1 . 1 5 . . . 1 . 3 . Power 4 | . 1 . 1 . . . . . . . . . . . . 1 . 1 . . . . . . . . Propulsion 11 | . 5 . 1 . . . 2 3 . . . . . . . . . . . . . . . . . . Utility 13 | . 2 . 1 . 3 . . . 2 1 . . . . . . . . 2 . . . . . 2 . Weapon 16 | . 5 3 1 . . . 1 . 1 1 . . . . . . . . 3 . . . 1 . . . Tool/Special 1 | . . . . . . . . . . . . . . . . . . . . . . . . . 1 . Average Slot Usage (%) 90 | . 98 100 99 100 98 97 95 95 100 98 100 97 84 84 76 69 3 45 73 86 85 85 91 95 79 28 Engine 3 | . 8 . 7 . 5 11 9 9 . . . . . . 6 2 . 3 2 10 10 6 3 . . . Core 2 | . 6 14 3 11 5 . . . . . . . . . . . . . . . . . 1 1 . . Reactor 2 | . . . . . . . . . 8 7 7 7 7 5 . 3 . . 2 . . 3 4 7 6 . Treads 20 | . 24 28 33 33 32 33 5 27 27 23 23 23 23 22 20 9 . 13 9 5 5 5 1 10 10 . Leg 4 | . 4 . . . . . 21 . . . . . . . . . . . 9 15 15 18 25 13 7 . Device 8 | . . . . . 8 11 6 1 9 15 10 6 7 6 9 14 . 1 13 17 21 25 24 22 10 4 Storage 7 | . 14 14 11 11 6 11 9 9 9 7 7 7 7 7 6 5 . . . . . . 4 4 3 . Processor 10 | . . . . . . . 13 18 18 15 27 27 15 15 13 13 . 5 10 15 10 10 10 18 28 23 Protection 4 | . 12 14 10 11 5 . 2 3 . 5 . . . 5 . . . 4 4 5 5 2 . . . . Energy Gun 7 | . 5 3 . . . . . . 19 23 22 17 23 19 13 10 . 10 13 10 . 1 . 2 1 . Energy Cannon 2 | . 7 10 . . . . . . . . . . . . . . . . . . . 3 12 10 8 . Ballistic Gun 6 | . 14 14 14 . 6 10 21 25 7 . . . . . . . . . . . 4 . . . . . Ballistic Cannon 4 | . . . 18 33 18 11 3 . . . . . . . 6 2 . . 1 . . . . . . . Launcher 1 | . . . . . 7 8 . . . . . 4 . . . 1 . . . 5 9 6 . . . . Peak Build Rating 138 | 6 14 17 22 22 34 47 51 51 49 59 68 68 47 47 44 59 19 99 102 93 98 114 119 138 138 42 Average Rating 52 | 6 10 14 20 22 20 27 45 45 47 56 66 62 42 39 42 43 10 66 91 89 90 104 107 126 105 34 On Entrance 49 | 6 6 14 15 22 22 27 27 50 43 48 58 66 42 47 40 44 2 19 99 86 93 98 98 110 124 30 Naked Turns 86 | . . . . . . . . . . . . . . . . 54 32 . . . . . . . . . Heaviest Build 124 | 12 39 42 52 49 49 93 48 48 47 52 43 43 52 52 48 72 . 85 69 42 47 66 112 124 116 1 Greatest Support 210 | 20 40 40 60 60 66 60 66 66 62 62 62 62 62 75 75 75 13 210 210 61 91 91 130 125 120 3 Greatest Overweight (x) 20 | . . 1 . . . 1 2 . . . . . . . . 20 . . 2 . . 5 10 1 4 . Average Overweight (x) . | . . . . . . . . . . . . . . . . 1 . . . . . . 1 . . . Largest Inventory Capacity 20 | 8 15 15 15 15 15 15 15 15 15 15 15 15 15 15 15 15 5 5 5 5 5 20 20 20 20 5 Average Capacity 13 | 8 14 15 15 15 10 15 15 15 15 15 15 15 15 15 15 14 5 5 5 5 5 5 17 20 16 5 Most Carried 20 | 6 15 15 15 15 15 15 15 15 15 15 15 15 9 7 7 12 5 5 5 5 5 5 19 20 20 4 Average Carried 11 | 6 11 15 14 15 8 13 14 14 14 14 14 14 8 5 6 8 5 4 4 4 5 4 12 17 14 3 Final Capacity 20 | 8 15 15 15 15 15 15 15 15 15 15 15 15 15 15 15 5 5 5 5 5 5 5 20 20 5 5 Final Carried 17 | 6 15 15 15 15 14 13 15 15 15 15 15 9 7 6 7 5 5 5 5 5 5 5 16 17 5 1 Class Distribution -------------------- 27% | Scavenger-Gunner 18% | Scavenger-Tank 15% | Mutant 14% | Tank 13% | Gunner 4% | Scavenger-Mutant 3% | Derelict-Gunner Dominant Class ---------------- Mutant | -10/Materials Mutant | -10/Mines Tank | -9/Materials Scavenger-Tank | -9/Mines Scavenger-Tank | -9/Exiles Scavenger-Tank | -8/Mines Gunner | -8/Materials Gunner | -8/Garrison Scavenger-Gunner | -8/Materials Scavenger-Gunner | -7/Factory Scavenger-Gunner | -7/Lower Caves Scavenger-Gunner | -7/Lower Caves Gunner | -7/Data Miner Gunner | -6/Proximity Caves Derelict-Gunner | -6/Factory Derelict-Gunner | -6/Garrison Mutant | -5/Factory Mutant | -5/Waste Scavenger-Tank | -5/Factory Scavenger-Tank | -4/Factory Tank | -4/Waste Tank | -4/Factory Scavenger-Gunner | -4/Garrison Scavenger-Gunner | -3/Research Gunner | -3/Quarantine Mutant | -3/Protoforge Resources | -11 -10 -10 -9 -9 -9 -8 -8 -8 -8 -7 -7 -7 -7 -6 -6 -6 -5 -5 -5 -4 -4 -4 -4 -3 -3 -3 ----------- Run | Yrd Mat Min Mat Min Exi Min Mat Gar Mat Fac Low Low Dat Pro Fac Gar Fac Was Fac Fac Was Fac Gar Res Qua Frg Matter Collected 9123 | 200 371 70 1489 100 1102 276 446 959 455 80 160 110 . 125 48 111 . 511 404 . 678 217 477 447 286 1 Remotely . | . . . . . . . . . . . . . . . . . . . . . . . . . . . Salvage Created 14786 | . 890 244 1705 16 190 400 581 1280 1413 227 179 67 . 314 114 199 . 315 1586 . 1284 900 1285 1064 533 . Parts 682 | . 49 14 101 . 45 16 35 76 73 5 9 4 . 16 2 16 . 2 74 . . 33 48 36 28 . Haulers Intercepted 10 | . 2 . 3 . . . 1 . 4 . . . . . . . . . . . . . . . . . Recyclers Shooed 5 | . 1 1 1 . . . . . . . . . . . . . . . 2 . . . . . . . Parts Field Recycled . | . . . . . . . . . . . . . . . . . . . . . . . . . . . Retrieved Matter . | . . . . . . . . . . . . . . . . . . . . . . . . . . . Parts Self-Destructed 26 | . . . . . . . . . . . 6 4 . 16 . . . . . . . . . . . . Prevented . | . . . . . . . . . . . . . . . . . . . . . . . . . . . Kills | -11 -10 -10 -9 -9 -9 -8 -8 -8 -8 -7 -7 -7 -7 -6 -6 -6 -5 -5 -5 -4 -4 -4 -4 -3 -3 -3 ------- Run | Yrd Mat Min Mat Min Exi Min Mat Gar Mat Fac Low Low Dat Pro Fac Gar Fac Was Fac Fac Was Fac Gar Res Qua Frg Combat Hostiles Destroyed 279 | . 18 4 35 2 8 9 10 34 24 4 7 4 . 5 2 13 . 2 27 . 6 17 22 19 7 . Guns 143 | . 14 1 22 . 1 2 8 34 24 3 2 1 . 3 2 3 . 2 16 . 2 1 . 2 . . Cannons 65 | . 4 3 13 2 2 3 2 . . . . . . . . 2 . . 5 . . 1 17 6 5 . AOE 56 | . . . . . 5 4 . . . . 5 3 . 2 . 8 . . . . 4 13 2 10 . . Classes Destroyed 24 | . 7 2 3 1 2 . 1 2 . . . . . 1 . . . 1 . . . . 1 1 2 . Worker 13 | . 1 . 1 . . 1 1 . . . . . . . . . . . 3 . . 2 . 3 1 . Builder 14 | . . . 2 . . 1 . . . . . . . . . . . . 5 . . 4 . . 2 . Tunneler 2 | . . 1 . . . . . . . . . . . . . . . . . . . 1 . . . . Hauler 10 | . 2 . 3 . . . 1 . 4 . . . . . . . . . . . . . . . . . Recycler 8 | . 1 1 1 . . 2 . . . 1 . . . . . . . . . . . 2 . . . . Mechanic 1 | . 1 . . . . . . . . . . . . . . . . . . . . . . . . . Operator 2 | . . . . . . . 1 . . . . . . . . . . . 1 . . . . . . . Turret 1 | . . . . . 1 . . . . . . . . . . . . . . . . . . . . . Watcher 10 | . 3 . 3 . . . . . 3 . . . . . . . . . 1 . . . . . . . Swarmer 64 | . 3 3 3 . . 3 . 12 4 . 3 3 . . . 11 . . 5 . . 3 7 4 . . Grunt 116 | . 15 . 22 . . 5 5 11 11 2 3 1 . 4 2 . . 1 10 . . 11 5 7 1 . Brawler 1 | . . . 1 . . . . . . . . . . . . . . . . . . . . . . . Duelist 4 | . . . 1 . . . 1 . . . 1 . . . . . . . 1 . . . . . . . Researcher 1 | . . . . . . . . . . . . . . . . . . . . . . . . . 1 . Sentry 43 | . . 1 10 . . . 4 9 8 1 . . . . . . . . 2 . . 1 5 2 . . Demolisher 1 | . . . . . . . . . . . . . . . . . . . . . . . 1 . . . Hunter 11 | . . . . . . . . 1 1 . . . . . . . . . 3 . . . . 4 2 . Programmer 17 | . . . . . . . . 1 . 1 . . . . . 1 . . 6 . . 2 3 . 3 . Heavy 1 | . . . . . . . . . . . . . . . . . . . . . . . . 1 . . Behemoth 4 | . . . . . . . . . . . . . . 1 . 1 . . . . . . 1 1 . . Compactor 7 | . . . . . . . . . . . . . . . . . . 1 . . 6 . . . . . Alpha 7 1 | . . . . . . . . . . . . . . . . . . . . . . . . . 1 . Zionite 4 | . . . . . 4 . . . . . . . . . . . . . . . . . . . . . Assembled 9 | . . . . 2 7 . . . . . . . . . . . . . . . . . . . . . Thug 2 | . . 1 . . . . . . . . . . . . . . . . . . 1 . . . . . Best Kill Streak 21 | . 5 3 8 1 7 4 5 5 4 2 7 3 . 3 2 4 . 1 13 . 6 21 9 7 3 . Combat Bots Only 12 | . 5 3 6 1 7 3 4 5 3 2 7 3 . 3 2 4 . 1 6 . 6 12 9 7 2 . Max Kills in Single Turn 4 | . 2 2 2 1 2 2 3 3 1 1 2 2 . 2 1 3 . 1 3 . 1 4 1 3 1 . Gunslinging 2 | . 1 . . . . . . 2 . . . . . . . . . . 1 . . . . . . . Exploded 3 | . . . . . 2 2 . . . . 2 2 . 2 . 3 . . . . 1 3 1 3 . . Melee . | . . . . . . . . . . . . . . . . . . . . . . . . . . . Uniques/NPCs Destroyed 5 | . . . . . 4 1 . . . . . . . . . . . . . . . . . . . . 8R-AWN (-9/Exiles) EX-DEC (-9/Exiles) EX-HEX (-9/Exiles) EX-BIN (-9/Exiles) NK-0LA (-8/Mines) Combat | -11 -10 -10 -9 -9 -9 -8 -8 -8 -8 -7 -7 -7 -7 -6 -6 -6 -5 -5 -5 -4 -4 -4 -4 -3 -3 -3 -------- Run | Yrd Mat Min Mat Min Exi Min Mat Gar Mat Fac Low Low Dat Pro Fac Gar Fac Was Fac Fac Was Fac Gar Res Qua Frg Hostile Shots Fired 1579 | . 63 13 105 1 105 42 16 110 64 20 6 19 . 88 5 201 4 13 273 . . 40 122 96 147 26 Missed 478 | . 23 6 34 . 27 24 3 21 18 8 1 7 . 34 1 69 1 1 76 . . 23 32 27 30 12 Hits 1101 | . 40 7 71 1 78 18 13 89 46 12 5 12 . 54 4 132 3 12 197 . . 17 90 69 117 14 Melee 22 | . . . 1 1 . . 3 . . . . 7 . . . . . 9 1 . . . . . . . Projectile 1079 | . 40 7 70 . 78 18 10 89 46 12 5 5 . 54 4 132 3 3 196 . . 17 90 69 117 14 AOE 4 | . . . . . . . . . . . . . . . . . . . . . . . 4 . . . Critical Strikes 82 | . 1 . 2 . 20 1 . 11 2 . 1 . . . . 2 . 6 7 . . 3 5 10 11 . Actively Blocked 2 | . . . . . . . . . . . . . . . . 2 . . . . . . . . . . Part Disruptions 3 | . . . . . . 1 . . . . . . . . . . . . 1 . . . . . 1 . Damage Taken 20047 | . 489 89 860 36 1448 241 196 1237 599 108 77 130 . 1209 75 1969 69 489 3513 . 43 254 2345 1730 2464 377 Core 3220 | . 105 24 113 . 148 23 47 120 44 1 48 46 . 160 18 639 19 158 216 . . 12 222 76 634 347 Absorbed by Shields 923 | . . . . . 343 92 50 . 68 28 . . . . . 342 . . . . . . . . . . Reduced by Siege Mode 164 | . . . . . . . . . . . . . . . . . . 10 80 . . . 74 . . . Ignored by Resistances 467 | . . . . . . . . . . . . . . . . . . . 261 . . 77 129 . . . Regen/Repaired (Parts) 142 | . 34 . 108 . . . . . . . . . . . . . . . . . . . . . . . Core Remaining (%) 57 | 100 . 48 . . . 29 . . 61 . . . . 63 . 22 . . 60 . . . 79 . . . Volleys Fired 875 | . 67 10 88 2 90 19 23 75 53 9 8 12 . 37 4 65 . 36 77 . 17 28 72 37 44 2 Largest 3 | . 2 2 3 3 3 3 3 3 3 3 3 3 . 3 3 3 . 3 3 . 3 2 3 3 3 1 Hottest 339 | . 101 79 114 114 114 93 147 75 183 197 191 197 . 197 185 193 . 243 243 . 113 144 339 339 331 113 Shots Fired 1942 | . 131 18 244 6 164 41 66 214 159 25 14 31 . 51 12 102 . 42 189 . 49 31 158 94 99 2 Gun 1253 | . 101 10 146 . 112 14 56 214 159 25 9 29 . 49 8 70 . 40 167 . 17 4 . 12 11 . Cannon 589 | . 30 8 98 6 39 19 10 . . . . . . . 4 27 . 2 18 . . 12 155 74 85 2 Launcher 100 | . . . . . 13 8 . . . . 5 2 . 2 . 5 . . 4 . 32 15 3 8 3 . Special . | . . . . . . . . . . . . . . . . . . . . . . . . . . . Kinetic 908 | . 69 10 244 6 151 33 64 214 45 . . . . . 4 33 . . 18 . 17 . . . . . Thermal 835 | . 36 . . . . . 2 . 114 25 6 29 . 46 8 53 . 42 166 . . 4 131 86 85 2 Explosive 96 | . . . . . 13 8 . . . . 5 2 . 2 . 5 . . . . 32 15 3 8 3 . Electromagnetic 103 | . 26 8 . . . . . . . . 3 . . 3 . 11 . . 5 . . 12 24 . 11 . Robot Hit Streak 38 | . 10 4 9 3 14 7 16 11 21 8 4 6 . 13 3 5 . 19 21 . 12 10 38 10 11 . Robot Miss Streak 11 | . 4 3 5 1 4 2 4 6 4 4 2 11 . 4 8 8 . 1 3 . 3 2 3 4 2 . Penetration Max 1 | . . . 1 . . . . . . . . . . . . . . . . . . . . . . . Secondary Targets 19 | . 2 . . . . . 1 7 . . . . . . . . . . 9 . . . . . . . Max Gunslinging Chain 2 | . 1 . . . . . 1 2 . . . . . . . . . . 1 . . . . . . . Autonomous 5 | . . . . . . 5 . . . . . . . . . . . . . . . . . . . . Shots Hit Robots 1203 | . 82 11 126 2 119 25 37 123 104 16 7 18 . 39 10 56 . 36 129 . 36 20 98 49 60 . Core Hits 651 | . 36 7 59 2 49 20 21 60 50 14 14 12 . 21 11 33 . 5 65 . 22 47 33 44 26 . Critical Kills 17 | . . . 4 . . . 2 2 1 . . . . . . 1 . . . . . . 2 2 3 . Critical Parts Destroyed 17 | . . . 5 . 1 1 1 7 . . . . . . . . . . . . . . . . 2 . Critical Strikes 83 | . . 1 10 . 1 2 5 10 10 2 . 1 . 12 1 5 . 1 13 . . . 2 2 5 . Burn 43 | . . . . . . . . . 9 2 . 1 . 12 1 4 . 1 13 . . . . . . . Meltdown 5 | . . . . . . . . . . . . . . . . . . . . . . . 2 1 2 . Destroy 30 | . . . 9 . 1 1 3 10 1 . . . . . . 1 . . . . . . . 1 3 . Blast 4 | . . . 1 . . 1 2 . . . . . . . . . . . . . . . . . . . Corrupt 1 | . . 1 . . . . . . . . . . . . . . . . . . . . . . . . Melee Attacks 7 | . . . . . . . . 6 . . 1 . . . . . . . . . . . . . . . Impact . | . . . . . . . . . . . . . . . . . . . . . . . . . . . Slashing 7 | . . . . . . . . 6 . . 1 . . . . . . . . . . . . . . . Piercing . | . . . . . . . . . . . . . . . . . . . . . . . . . . . Sneak Attacks . | . . . . . . . . . . . . . . . . . . . . . . . . . . . Combat Hostiles . | . . . . . . . . . . . . . . . . . . . . . . . . . . . Follow-up Attacks . | . . . . . . . . . . . . . . . . . . . . . . . . . . . Damage Inflicted 40361 | . 1394 267 3042 49 2459 1289 824 2296 2130 379 439 576 . 987 171 1938 21 954 4090 . 3748 3221 4661 3130 2296 . Guns 15869 | . 1036 97 1412 . 1275 153 634 2296 2113 373 77 351 . 806 95 614 . 880 2967 . 301 40 . 189 160 . Cannons 12339 | . 326 127 1630 49 602 558 190 . . . . . . . 76 644 . 74 352 . . 273 4193 1512 1733 . Explosions 11809 | . . . . . 582 548 . . . . 362 225 . 181 . 659 . . 674 . 3447 2908 468 1379 376 . Melee . | . . . . . . . . . . . . . . . . . . . . . . . . . . . Ramming 344 | . 32 43 . . . 30 . . 17 6 . . . . . 21 21 . 97 . . . . 50 27 . Kinetic 11590 | . 669 97 3042 49 1877 711 804 2296 622 . . . . . 76 694 . . 352 . 301 . . . . . Thermal 15672 | . 384 . . . . . 20 . 1491 373 65 351 . 785 95 542 . 954 3011 . . 233 3797 1701 1870 . Explosive 10744 | . . . . . 582 548 . . . . 362 225 . 181 . 659 . . 70 . 3447 2715 415 1379 161 . Electromagnetic 2011 | . 309 127 . . . . . . . . 12 . . 21 . 22 . . 560 . . 273 449 . 238 . Impact . | . . . . . . . . . . . . . . . . . . . . . . . . . . . Slashing . | . . . . . . . . . . . . . . . . . . . . . . . . . . . Piercing . | . . . . . . . . . . . . . . . . . . . . . . . . . . . Highest Corruption 10 | . . . . . . 2 . 1 1 1 1 1 1 1 . 1 . . 1 . 10 10 4 2 9 9 Average Corruption 1 | . . . . . . 1 . 1 1 1 1 1 1 1 . 1 . . 1 . 5 8 4 1 3 9 Corruption Purged 7 | . . . . . . . . . . . . . . . . . . . . . . 7 . . . . Corruption Blocked 15 | . . . . . . . . . . . . . . . . . . . 11 . 4 . . . . . Effects 133 | . . . . . . 5 . 7 11 2 6 5 1 5 . 7 . . 9 . 4 11 34 3 20 3 Message Errors 39 | . . . . . . 1 . 4 2 . 1 2 1 1 . 3 . . 5 . 3 4 6 2 3 1 Matter Fused 22 | . . . . . . 1 . . 4 1 1 1 . 2 . 1 . . . . . 2 7 . 1 1 Heat Flow Errors 13 | . . . . . . 1 . 1 1 . 1 . . . . . . . . . . 1 4 . 3 1 Energy Discharges 20 | . . . . . . 2 . . 1 . 1 . . 1 . 2 . . 2 . . 3 4 1 3 . Parts Rejected 5 | . . . . . . . . . . . . . . . . . . . 1 . . . 2 . 2 . Parts Fused 1 | . . . . . . . . . . . . . . . . . . . . . . 1 . . . . Data Loss (minor) 15 | . . . . . . . . 1 2 . 2 1 . . . 1 . . . . 1 . 3 . 4 . Data Loss (major) 10 | . . . . . . . . 1 1 1 . 1 . . . . . . 1 . . . 2 . 3 . Misfires 2 | . . . . . . . . . . . . . . . . . . . . . . . 2 . . . Weapon Failures 6 | . . . . . . . . . . . . . . 1 . . . . . . . . 4 . 1 . Overload Shots . | . . . . . . . . . . . . . . . . . . . . . . . . . . . Overflow Damage 569 | . . . 63 . 2 43 . . . . . . . . . 20 . . 82 . . 64 115 22 158 . Projectiles 280 | . . . 63 . 2 39 . . . . . . . . . . . . 16 . . 4 102 . 54 . Explosions 289 | . . . . . . 4 . . . . . . . . . 20 . . 66 . . 60 13 22 104 . Melee . | . . . . . . . . . . . . . . . . . . . . . . . . . . . Knockbacks 33 | . 1 . 7 . 9 5 1 . . . . . . . . 5 . . 5 . . . . . . . Impact 2 | . 1 . . . . . . . . . . . . . . . . . 1 . . . . . . . Kinetic 30 | . . . 7 . 9 5 1 . . . . . . . . 5 . . 3 . . . . . . . Secondary 1 | . . . . . . . . . . . . . . . . . . . 1 . . . . . . . Self-Inflicted Damage 578 | . . . . . . 32 . . . . . 42 . . . 73 10 . 30 . 43 . 80 84 184 . Shots 18 | . . . . . . 1 . . . . . 2 . . . 1 . . 1 . 2 . 4 3 4 . Rammed 29 | . 3 6 . . . 4 . . 2 . . . . . . 5 3 . . . . . . 4 2 . Targets Rammed 67 | . 5 7 . . . 4 . . 2 1 . . . . . 5 3 . 34 . . . . 4 2 . Kicked 35 | . 1 . . . . . . . . . . . . . . . . . 34 . . . . . . . Crushed 3 | . 1 1 . . . . . . . 1 . . . . . . . . . . . . . . . . Highest Temperature 548 | . 306 114 258 60 236 262 88 177 254 169 203 548 . 54 378 481 . 334 199 . . 218 393 356 185 123 Average Temperature 84 | . 64 47 73 33 113 59 29 53 58 64 76 228 . 29 195 207 . 76 106 . . 125 75 53 64 80 Received Heat Transfer 4979 | . 243 15 303 . . 74 48 450 268 13 36 18 . 231 36 165 27 27 723 . . 78 515 1549 115 45 Effects 14 | . . . 2 . 1 . . . . . . 2 . . . 8 . . . . . . . 1 . . Shutdowns 4 | . . . . . . . . . . . . 1 . . . 3 . . . . . . . . . . Energy Bleed 3 | . . . . . 1 . . . . . . 1 . . . . . . . . . . . 1 . . Interference 5 | . . . 2 . . . . . . . . . . . . 3 . . . . . . . . . . Damage (minor) 2 | . . . . . . . . . . . . . . . . 2 . . . . . . . . . . Siege Activations 6 | . . . . . . . . . . . . . . . . . . 1 4 . . . 1 . . . Total Turns 115 | . . . . . . . . . . . . . . . . . . 6 75 . . . 34 . . . Longest Duration 34 | . . . . . . . . . . . . . . . . . . 6 25 . . . 34 . . . Martial Activations . | . . . . . . . . . . . . . . . . . . . . . . . . . . . Shielding Activations . | . . . . . . . . . . . . . . . . . . . . . . . . . . . Robots Disrupted . | . . . . . . . . . . . . . . . . . . . . . . . . . . . Combat Hostiles . | . . . . . . . . . . . . . . . . . . . . . . . . . . . Robots Corrupted 3 | . . . . . . . . . . . . . . . . . . . . . . 2 1 . . . Combat Hostiles 3 | . . . . . . . . . . . . . . . . . . . . . . 2 1 . . . Parts Fried 6 | . 1 . . . . . . . . . . . . . . . . . 2 . . 2 . . 1 . Impact Corruptions . | . . . . . . . . . . . . . . . . . . . . . . . . . . . Robots Melted 12 | . . . . . . . . . . 1 . . . . . . . . 6 . . . 2 1 2 . Combat Hostiles 12 | . . . . . . . . . . 1 . . . . . . . . 6 . . . 2 1 2 . Parts Melted 52 | . 1 . . . . . . . 9 2 . . . 3 . 1 . . 19 . . . 6 4 7 . Heat Transferred 23571 | . 962 . . . . . 37 . 3293 655 72 586 . 2179 273 1300 . 1480 5589 . . 187 3306 1665 1987 . Parts Sabotaged . | . . . . . . . . . . . . . . . . . . . . . . . . . . . Parts Stolen 6 | . . . . . . . . . . . . 6 . . . . . . . . . . . . . . Parts Stripped . | . . . . . . . . . . . . . . . . . . . . . . . . . . . Power Chain Reactions 3 | . . . . . . . . . . . . . . . . . . . 1 . . . 1 . 1 . Alert | -11 -10 -10 -9 -9 -9 -8 -8 -8 -8 -7 -7 -7 -7 -6 -6 -6 -5 -5 -5 -4 -4 -4 -4 -3 -3 -3 ------- Run | Yrd Mat Min Mat Min Exi Min Mat Gar Mat Fac Low Low Dat Pro Fac Gar Fac Was Fac Fac Was Fac Gar Res Qua Frg Maximum Alert Level 4 | . 1 . 2 1 . . . 4 3 1 . . . . . 1 1 . 1 . . 2 4 4 2 1 Low Security (%) 49 | 100 98 100 23 92 . 100 100 7 . 65 . . . . 100 63 74 100 72 100 100 79 . . . . Level 1 12 | . 1 . 38 7 . . . 12 . 34 . . . . . 36 25 . 27 . . 7 . . . 100 Level 2 23 | . . . 38 . . . . 36 99 . . . . . . . . . . . . 12 23 . 100 . Level 3 4 | . . . . . . . . 17 . . . . . . . . . . . . . . 18 47 . . Level 4 8 | . . . . . . . . 25 . . . . . . . . . . . . . . 57 52 . . Level 5 . | . . . . . . . . . . . . . . . . . . . . . . . . . . . High Security . | . . . . . . . . . . . . . . . . . . . . . . . . . . . Max Security . | . . . . . . . . . . . . . . . . . . . . . . . . . . . Peak Influence 1415 | . 205 59 546 210 . 123 85 1168 718 324 . . . . 40 327 201 66 284 122 147 578 1415 1230 680 335 Initial 795 | . . . . 210 . . . 36 569 324 . . . . . 9 171 66 . 122 35 74 400 795 658 320 Average 343 | . 89 8 296 87 . 42 45 712 567 159 . . . . 11 155 174 5 131 112 104 170 1023 1043 584 300 Influence Increases 9824 | . 605 173 1110 17 . 257 322 1212 873 105 160 105 . 120 54 448 60 20 843 . 152 728 1165 778 500 17 Destroy 0b10 Robot/C 5740 | . 360 120 700 . . 160 200 860 480 80 140 80 . 100 40 260 . 20 540 . . 340 680 420 160 . Destroy 0b10 Robot/NC 315 | . 40 10 55 . . 20 15 5 35 5 . . . . . . . . 50 . . 45 5 15 15 . Destroy Leader 1022 | . 100 20 194 . . 30 62 20 154 20 20 10 . 20 . 30 . . 112 . . 60 30 110 30 . Allied During Kill 169 | . . 8 19 . . . . 39 . . . . . . . . . . . . . . 88 15 . . Successful Hack 206 | . 44 . 32 . . . 29 7 36 . . . . . 14 . . . 40 . . 4 . . . . Select Force Hacks 180 | . 60 . 60 . . . . . 60 . . . . . . . . . . . . . . . . . Disable Machine 510 | . . . 15 15 . . . 15 45 . . . . . . 30 . . 75 . . 135 . 45 120 15 Anti-Garrison Action 500 | . . . . . . . . 200 . . . . . . . 50 . . . . . . 250 . . . Destroy Structure 882 | . 1 . 35 2 . 47 1 36 3 . . . . . . 63 . . 26 . 152 144 112 158 100 2 Partial Spotted 15 | . . . . . . . . . . . . . . . . . 15 . . . . . . . . . Lose Combat Pursuer 285 | . . 15 . . . . 15 30 60 . . 15 . . . 15 45 . . . . . . 15 75 . Influence Decreases 9567 | . 605 173 570 557 . 257 266 100 1326 783 197 105 . 120 40 135 196 211 593 148 147 263 322 1022 1101 330 Entered New Map 3424 | . . . . 330 . . . 20 599 391 15 . . . . 5 156 125 . 128 67 33 172 620 513 250 Time Decay 4939 | . 461 153 540 227 . 247 256 . 577 392 182 105 . 120 40 . 40 86 453 20 80 190 . 302 398 70 Lost Part 760 | . 10 . 10 . . 10 10 40 . . . . . . . 130 . . 140 . . 40 90 80 190 10 Lost Ally 160 | . . 20 20 . . . . 40 . . . . . . . . . . . . . . 60 20 . . Purge Threat 284 | . 134 . . . . . . . 150 . . . . . . . . . . . . . . . . . Squads Dispatched 44 | . 6 . 3 . . 2 2 . 4 2 . . . . 1 . . . 5 . . 4 . 8 6 1 Investigation 13 | . 4 . 2 . . . . . 3 . . . . . 1 . . . 1 . . 1 . 1 . . Extermination 9 | . . . . . . . . . . 2 . . . . . . . . 3 . . 1 . 1 2 . Reinforcement 17 | . 2 . 1 . . 2 1 . 1 . . . . . . . . . 1 . . 1 . 3 4 1 Assault . | . . . . . . . . . . . . . . . . . . . . . . . . . . . Garrison 5 | . . . . . . . 1 . . . . . . . . . . . . . . 1 . 3 . . Intercept . | . . . . . . . . . . . . . . . . . . . . . . . . . . . Searches Triggered . | . . . . . . . . . . . . . . . . . . . . . . . . . . . Data Miner Redirects 1 | . . . . . . . . . . . . . . . . . . . . . . . . 1 . . Construction Impeded 6 | . . . . . . 2 . . . . . . . . . . . . 1 . . 1 . 1 1 . Haulers Reinforced . | . . . . . . . . . . . . . . . . . . . . . . . . . . . Active Scanning Responses . | . . . . . . . . . . . . . . . . . . . . . . . . . . . Cargo Convoy Interrupts . | . . . . . . . . . . . . . . . . . . . . . . . . . . . Stealth | -11 -10 -10 -9 -9 -9 -8 -8 -8 -8 -7 -7 -7 -7 -6 -6 -6 -5 -5 -5 -4 -4 -4 -4 -3 -3 -3 --------- Run | Yrd Mat Min Mat Min Exi Min Mat Gar Mat Fac Low Low Dat Pro Fac Gar Fac Was Fac Fac Was Fac Gar Res Qua Frg Distress Signals 14 | . . . 4 . . . . . 2 . . . . . . . . . 1 . . . . 2 2 3 Communications Jammed . | . . . . . . . . . . . . . . . . . . . . . . . . . . . Distress Signals . | . . . . . . . . . . . . . . . . . . . . . . . . . . . Times Spotted 425 | . 27 7 48 1 25 9 16 41 34 4 3 7 . 5 2 18 7 3 34 . 6 18 33 25 28 24 Peak Tracking Total 13 | . 4 3 5 1 9 3 4 6 4 2 4 4 . 3 2 5 4 1 6 . 3 5 9 4 5 13 Tactical Retreats 23 | . . 1 . . 9 . 1 2 2 . . 1 . . . 1 1 1 . . . . . 1 3 . Traps | -11 -10 -10 -9 -9 -9 -8 -8 -8 -8 -7 -7 -7 -7 -6 -6 -6 -5 -5 -5 -4 -4 -4 -4 -3 -3 -3 ------- Run | Yrd Mat Min Mat Min Exi Min Mat Gar Mat Fac Low Low Dat Pro Fac Gar Fac Was Fac Fac Was Fac Gar Res Qua Frg Traps Triggered 17 | . 2 . . . . . . 2 1 1 . . . . . 1 1 . . 1 . . 4 4 . . Indirectly . | . . . . . . . . . . . . . . . . . . . . . . . . . . . Trap Hack Attempts . | . . . . . . . . . . . . . . . . . . . . . . . . . . . Triggered . | . . . . . . . . . . . . . . . . . . . . . . . . . . . Disarmed . | . . . . . . . . . . . . . . . . . . . . . . . . . . . Reprogrammed . | . . . . . . . . . . . . . . . . . . . . . . . . . . . Reused . | . . . . . . . . . . . . . . . . . . . . . . . . . . . Traps Extracted . | . . . . . . . . . . . . . . . . . . . . . . . . . . . Installed . | . . . . . . . . . . . . . . . . . . . . . . . . . . . Triggered . | . . . . . . . . . . . . . . . . . . . . . . . . . . . Machines | -11 -10 -10 -9 -9 -9 -8 -8 -8 -8 -7 -7 -7 -7 -6 -6 -6 -5 -5 -5 -4 -4 -4 -4 -3 -3 -3 ---------- Run | Yrd Mat Min Mat Min Exi Min Mat Gar Mat Fac Low Low Dat Pro Fac Gar Fac Was Fac Fac Was Fac Gar Res Qua Frg Machines Disabled 48 | . . . 1 1 6 . . 2 3 . . . . . . 4 . . 5 . . 9 4 3 9 1 Max in Single Turn 3 | . . . 1 1 1 . . 1 1 . . . . . . 1 . . 1 . . 3 1 1 2 1 Garrison Access 1 | . . . . . . . . . . . . . . . . . . . 1 . . . . . . . Garrison Relay 5 | . . . . . . . . 1 . . . . . . . 1 . . . . . . 3 . . . Machines Repaired . | . . . . . . . . . . . . . . . . . . . . . . . . . . . Machines Dismantled . | . . . . . . . . . . . . . . . . . . . . . . . . . . . Machines Sabotaged . | . . . . . . . . . . . . . . . . . . . . . . . . . . . Overloaded Fab Kills . | . . . . . . . . . . . . . . . . . . . . . . . . . . . Hacking | -11 -10 -10 -9 -9 -9 -8 -8 -8 -8 -7 -7 -7 -7 -6 -6 -6 -5 -5 -5 -4 -4 -4 -4 -3 -3 -3 --------- Run | Yrd Mat Min Mat Min Exi Min Mat Gar Mat Fac Low Low Dat Pro Fac Gar Fac Was Fac Fac Was Fac Gar Res Qua Frg Machines Accessed 71 | . 8 . 12 . 2 . 7 4 13 3 . . 4 . 1 . 2 . 8 . . 3 . . 2 2 Terminals 50 | . 5 . 9 . . . 6 4 11 3 . . . . . . 1 . 6 . . 2 . . 1 2 Fabricators 1 | . . . . . . . . . . . . . . . . . . . 1 . . . . . . . Repair Stations 3 | . 1 . 1 . . . . . . . . . . . . . 1 . . . . . . . . . Recycling Units 6 | . 2 . 2 . . . . . 2 . . . . . . . . . . . . . . . . . Scanalyzers . | . . . . . . . . . . . . . . . . . . . . . . . . . . . Garrison Access 5 | . . . . . . . 1 . . . . . . . 1 . . . 1 . . 1 . . 1 . Total Hacks 195 | . 23 . 38 . 2 . 23 7 38 3 . . 25 . 4 . 2 . 20 . . 5 . . 3 2 Successful 102 | . 15 . 19 . 2 . 12 1 18 . . . 25 . 1 . . . 7 . . 2 . . . . Failed 93 | . 8 . 19 . . . 11 6 20 3 . . . . 3 . 2 . 13 . . 3 . . 3 2 Catastrophic 19 | . . . . . . . 3 3 1 1 . . . . 1 . 2 . 4 . . 1 . . 1 2 Database Lockouts . | . . . . . . . . . . . . . . . . . . . . . . . . . . . Manual 94 | . 17 . 25 . 1 . 19 . 19 3 . . . . . . 1 . 4 . . 2 . . 2 1 Terminals 142 | . 19 . 34 . . . 22 7 35 3 . . . . . . 1 . 14 . . 4 . . 1 2 Fabricators 3 | . . . . . . . . . . . . . . . . . . . 3 . . . . . . . Repair Stations 5 | . 2 . 2 . . . . . . . . . . . . . 1 . . . . . . . . . Recycling Units 7 | . 2 . 2 . . . . . 3 . . . . . . . . . . . . . . . . . Scanalyzers . | . . . . . . . . . . . . . . . . . . . . . . . . . . . Garrison Access 11 | . . . . . . . 1 . . . . . . . 4 . . . 3 . . 1 . . 2 . Terminal Hacks 68 | . 7 . 10 . 2 . 7 1 13 . . . 25 . . . . . 2 . . 1 . . . . Record 8 | . . . . . 1 . . . . . . . 7 . . . . . . . . . . . . . Part Schematic 10 | . . . . . . . . . . . . . 10 . . . . . . . . . . . . . Robot Schematic 5 | . . . . . . . . . . . . . 5 . . . . . . . . . . . . . Robot Analysis 9 | . 3 . 4 . . . 1 . 1 . . . . . . . . . . . . . . . . . Prototype ID Bank 13 | . 1 . 2 . . . 3 . 3 . . . 3 . . . . . 1 . . . . . . . Open Door 1 | . . . . . . . . 1 . . . . . . . . . . . . . . . . . . Alert Level 1 | . . . . . . . . . 1 . . . . . . . . . . . . . . . . . Unreport Threat 2 | . 1 . . . . . . . 1 . . . . . . . . . . . . . . . . . Locate Traps 13 | . 2 . 3 . . . 2 . 4 . . . . . . . . . 1 . . 1 . . . . Maintenance Status 1 | . . . . . . . . . 1 . . . . . . . . . . . . . . . . . Assault Status 1 | . . . . . . . . . 1 . . . . . . . . . . . . . . . . . Hauler Manifests 2 | . . . . . . . 1 . 1 . . . . . . . . . . . . . . . . . Zone Layout 1 | . . . 1 . . . . . . . . . . . . . . . . . . . . . . . Proto ID Catalog 1 | . . . . . 1 . . . . . . . . . . . . . . . . . . . . . Fabricator Hacks 2 | . . . . . . . . . . . . . . . . . . . 2 . . . . . . . Network Status 1 | . . . . . . . . . . . . . . . . . . . 1 . . . . . . . Load Schematic 1 | . . . . . . . . . . . . . . . . . . . 1 . . . . . . . Repair Station Hacks 4 | . 2 . 2 . . . . . . . . . . . . . . . . . . . . . . . Scan Component 2 | . 1 . 1 . . . . . . . . . . . . . . . . . . . . . . . Repair 2 | . 1 . 1 . . . . . . . . . . . . . . . . . . . . . . . Recycling Unit Hacks . | . . . . . . . . . . . . . . . . . . . . . . . . . . . Scanalyzer . | . . . . . . . . . . . . . . . . . . . . . . . . . . . Garrison Access Hacks 4 | . . . . . . . 1 . . . . . . . 1 . . . 1 . . 1 . . . . Unlock Access 3 | . . . . . . . 1 . . . . . . . 1 . . . . . . 1 . . . . Seal Access 1 | . . . . . . . . . . . . . . . . . . . 1 . . . . . . . Unauthorized Hacks 24 | . 6 . 7 . . . 4 . 5 . . . . . . . . . 2 . . . . . . . Terminals 18 | . 4 . 5 . . . 4 . 3 . . . . . . . . . 2 . . . . . . . Botnet 14 | . 3 . 4 . . . 3 . 2 . . . . . . . . . 2 . . . . . . . Disrupt 3 | . 1 . 1 . . . . . 1 . . . . . . . . . . . . . . . . . Operators 1 | . . . . . . . 1 . . . . . . . . . . . . . . . . . . . Fabricators . | . . . . . . . . . . . . . . . . . . . . . . . . . . . Repair Stations . | . . . . . . . . . . . . . . . . . . . . . . . . . . . Recycling Units 6 | . 2 . 2 . . . . . 2 . . . . . . . . . . . . . . . . . Tunnel 6 | . 2 . 2 . . . . . 2 . . . . . . . . . . . . . . . . . Scanalyzers . | . . . . . . . . . . . . . . . . . . . . . . . . . . . Garrison Access . | . . . . . . . . . . . . . . . . . . . . . . . . . . . Data Cores Recovered 2 | . . . . . . . 1 . . . . . . . . . . . 1 . . . . . . . Used . | . . . . . . . . . . . . . . . . . . . . . . . . . . . Hacking Detections 54 | . 5 . 10 . . . 6 4 8 3 . . . . 1 . 2 . 8 . . 3 . . 2 2 Full Trace Events 5 | . 1 . . . . . . 1 . . . . . . 1 . . . 1 . . 1 . . . . Feedback Events 1 | . . . . . . . . . . . . . . . . . . . . . . 1 . . . . Corruption 1 | . . . . . . . . . . . . . . . . . . . . . . 1 . . . . Feedback Blocked . | . . . . . . . . . . . . . . . . . . . . . . . . . . . Robot Schematics Acquired 7 | . . . . . . . . . . . . . 5 . . . . . . . . . . . 2 . Robots Built . | . . . . . . . . . . . . . . . . . . . . . . . . . . . Authchips . | . . . . . . . . . . . . . . . . . . . . . . . . . . . Time . | . . . . . . . . . . . . . . . . . . . . . . . . . . . Total Robot Build Rating . | . . . . . . . . . . . . . . . . . . . . . . . . . . . Part Schematics Acquired 14 | . . . . . . . . . . . . . 10 . . . . . . . . . . . 4 . Parts Built . | . . . . . . . . . . . . . . . . . . . . . . . . . . . Authchips . | . . . . . . . . . . . . . . . . . . . . . . . . . . . Time . | . . . . . . . . . . . . . . . . . . . . . . . . . . . Total Part Build Rating . | . . . . . . . . . . . . . . . . . . . . . . . . . . . Parts Repaired 2 | . 1 . 1 . . . . . . . . . . . . . . . . . . . . . . . Time 48 | . 16 . 32 . . . . . . . . . . . . . . . . . . . . . . . Parts Recycled . | . . . . . . . . . . . . . . . . . . . . . . . . . . . Recycled Matter . | . . . . . . . . . . . . . . . . . . . . . . . . . . . Retrieved Matter . | . . . . . . . . . . . . . . . . . . . . . . . . . . . Retrieved Components . | . . . . . . . . . . . . . . . . . . . . . . . . . . . Parts Scanalyzed . | . . . . . . . . . . . . . . . . . . . . . . . . . . . Part Schematics Acquired . | . . . . . . . . . . . . . . . . . . . . . . . . . . . Parts Damaged . | . . . . . . . . . . . . . . . . . . . . . . . . . . . Bothacking | -11 -10 -10 -9 -9 -9 -8 -8 -8 -8 -7 -7 -7 -7 -6 -6 -6 -5 -5 -5 -4 -4 -4 -4 -3 -3 -3 ------------ Run | Yrd Mat Min Mat Min Exi Min Mat Gar Mat Fac Low Low Dat Pro Fac Gar Fac Was Fac Fac Was Fac Gar Res Qua Frg Used RIF Installer . | . . . . . . . . . . . . . . . . . . . . . . . . . . . Robots Hacked . | . . . . . . . . . . . . . . . . . . . . . . . . . . . Non-combat . | . . . . . . . . . . . . . . . . . . . . . . . . . . . Combat . | . . . . . . . . . . . . . . . . . . . . . . . . . . . Robot Hacks Applied . | . . . . . . . . . . . . . . . . . . . . . . . . . . . Relay Couplers Released 23 | . . . . . . . . 4 . . . . . . . 5 . . . . . . 14 . . . Machine Destruction 23 | . . . . . . . . 4 . . . . . . . 5 . . . . . . 14 . . . Fabnet Peak Effective % . | . . . . . . . . . . . . . . . . . . . . . . . . . . . Robots Rewired 3 | . . . . . . . . 1 . . . . . . . . . . . . . . 2 . . . Allies Hacked 1 | . . . . . . . . 1 . . . . . . . . . . . . . . . . . . Hacks Repelled . | . . . . . . . . . . . . . . . . . . . . . . . . . . . Allies | -11 -10 -10 -9 -9 -9 -8 -8 -8 -8 -7 -7 -7 -7 -6 -6 -6 -5 -5 -5 -4 -4 -4 -4 -3 -3 -3 -------- Run | Yrd Mat Min Mat Min Exi Min Mat Gar Mat Fac Low Low Dat Pro Fac Gar Fac Was Fac Fac Was Fac Gar Res Qua Frg Total Allies 13 | . . 5 . . . . . 3 . . . . . . . . . . . . 1 . 4 . . . Largest Group 3 | . . 3 3 . . . . 2 . . . . . . . . . . . . 1 . 2 1 . . Highest-Rated Group 190 | . . 45 40 . . . . 70 . . . . . . . . . . . . 46 . 190 85 . . Highest-Rated Ally 95 | . . 31 16 . . . . 39 . . . . . . . . . . . . 46 . 95 85 . . Initial Warlord ECA Mod 65 | . . . . . . . . . 5 4 4 4 4 3 3 3 3 3 3 2 2 2 2 6 6 6 Total Orders 2 | . . . . . . . . . . . . . . . . . . . . . . . 2 . . . STAY 1 | . . . . . . . . . . . . . . . . . . . . . . . 1 . . . FOLLOW 1 | . . . . . . . . . . . . . . . . . . . . . . . 1 . . . Ally Attacks 121 | . . 7 12 . . . . 37 . . . . . . . . . . . . 10 . 38 17 . . Total Damage 3823 | . . 84 77 . . . . 595 . . . . . . . . . . . . 258 . 1765 1044 . . Kills 27 | . . 2 1 . . . . 10 . . . . . . . . . . . . . . 12 2 . . Allies Corrupted 1 | . . . . . . . . 1 . . . . . . . . . . . . . . . . . . Allies Melted . | . . . . . . . . . . . . . . . . . . . . . . . . . . . Intel | -11 -10 -10 -9 -9 -9 -8 -8 -8 -8 -7 -7 -7 -7 -6 -6 -6 -5 -5 -5 -4 -4 -4 -4 -3 -3 -3 ------- Run | Yrd Mat Min Mat Min Exi Min Mat Gar Mat Fac Low Low Dat Pro Fac Gar Fac Was Fac Fac Was Fac Gar Res Qua Frg Active Infowar (turns) 9535 | . . . . . . . . . . . 1369 587 . 37 142 1005 16 1048 1691 58 170 395 1303 668 923 123 Optics 6947 | . . . . . . . . . . . . . . . . 676 16 1048 1691 58 170 395 1303 668 922 . Sensors 3806 | . . . . . . . . . . . 1369 587 . . . . . . 220 58 170 395 7 117 760 123 Seismic 677 | . . . . . . . . . . . . . . 37 142 498 . . . . . . . . . . Robot Analysis Total 9 | . 3 . 4 . . . 1 . 1 . . . . . . . . . . . . . . . . . Derelict Logs Recovered 9 | . . 3 . . . . . . . . 2 2 . 2 . . . . . . . . . . . . Drone Launches . | . . . . . . . . . . . . . . . . . . . . . . . . . . . Drone Recoveries . | . . . . . . . . . . . . . . . . . . . . . . . . . . . Exploration | -11 -10 -10 -9 -9 -9 -8 -8 -8 -8 -7 -7 -7 -7 -6 -6 -6 -5 -5 -5 -4 -4 -4 -4 -3 -3 -3 ------------- Run | Yrd Mat Min Mat Min Exi Min Mat Gar Mat Fac Low Low Dat Pro Fac Gar Fac Was Fac Fac Was Fac Gar Res Qua Frg Turns Passed 23464 | 2 1462 1017 1894 537 2089 797 656 1799 1768 939 1369 703 128 575 142 1059 82 1048 1691 58 170 395 1303 668 957 156 Spaces Moved 13052 | 1 766 605 956 134 1099 445 402 1034 964 570 819 424 82 291 81 367 165 617 941 50 102 262 657 354 607 257 Core 798 | . . . . . . . . . . . . . . . . 121 93 74 . . . . . . 253 257 Treads 9990 | . 646 605 956 134 1099 445 81 1034 964 570 819 424 82 291 81 219 . 543 479 . . 24 30 204 260 . Legs 2063 | 1 120 . . . . . 321 . . . . . . . . . . . 462 50 102 230 533 150 94 . Wheels 102 | . . . . . . . . . . . . . . . . . . . . . . 8 94 . . . Hover . | . . . . . . . . . . . . . . . . . . . . . . . . . . . Flight 99 | . . . . . . . . . . . . . . . . 27 72 . . . . . . . . . Fastest Speed 40 | 120 120 160 160 160 160 160 130 145 155 155 155 155 155 152 155 50 40 50 110 110 110 112 114 120 50 50 Average Speed 148 | 120 153 160 160 160 160 160 134 149 159 156 155 155 155 154 155 225 45 146 137 110 110 117 142 139 110 50 Slowest Speed 1235 | 120 160 240 160 160 160 240 305 155 160 160 155 155 155 155 155 1235 50 160 220 110 112 160 470 225 250 50 Overloaded Moves . | . . . . . . . . . . . . . . . . . . . . . . . . . . . Propulsion Burnouts . | . . . . . . . . . . . . . . . . . . . . . . . . . . . Robots Hopped 1 | . . . . . . . . . . . . . . . . . 1 . . . . . . . . . Potential Cave-ins 19 | . . . . . . . . . . . . . . 1 . . . . . . . . . . 18 . Cave-ins Triggered 1 | . . . . . . . . . . . . . . . . . . . . . . . . . 1 . Teleports 4 | . . . . . . . . . . . . . . . . . . . . . . . . . 2 2 Exploration Rate (%) 54 | 2 99 99 97 25 90 96 32 83 90 15 89 71 69 59 3 42 7 95 30 2 94 11 63 15 67 14 Regions Visited 26 Branch Regions 10 Pre-discovered Areas 9 | . 2 . 2 . 1 . . . 2 . 1 . 1 . . . . . . . . . . . . . Known Exits Taken 11 | . . 1 1 . . . 1 . . 1 1 1 1 1 1 . . . . . . 1 . . 1 . Unknown Exits Taken 8 | 1 1 . . 1 1 1 . . 1 . . . . . . . . . 1 . . . . 1 . . Scrap Searched 12 | . . 1 . 1 . 1 . . . . 4 3 . 2 . . . . . . . . . . . . Spaces Dug 22 | . . . . . . . . . . . 10 . . . . . . . . . . . . 4 7 1 Terrain Destroyed 698 | . . . 33 2 45 60 . . 1 . 23 12 . 15 . 65 . . 12 . 171 88 38 72 60 1 Melee 1 | . . . . . . . . . . . 1 . . . . . . . . . . . . . . . Projectile 127 | . . . 33 2 2 5 . . 1 . . . . . . 1 . . 4 . 2 . 28 26 22 1 AOE 570 | . . . . . 43 55 . . . . 22 12 . 15 . 64 . . 8 . 169 88 10 46 38 . Terrain Rammed . | . . . . . . . . . . . . . . . . . . . . . . . . . . . Walls Destroyed . | . . . . . . . . . . . . . . . . . . . . . . . . . . . Machines Disabled . | . . . . . . . . . . . . . . . . . . . . . . . . . . . Actions | -11 -10 -10 -9 -9 -9 -8 -8 -8 -8 -7 -7 -7 -7 -6 -6 -6 -5 -5 -5 -4 -4 -4 -4 -3 -3 -3 --------- Run | Yrd Mat Min Mat Min Exi Min Mat Gar Mat Fac Low Low Dat Pro Fac Gar Fac Was Fac Fac Was Fac Gar Res Qua Frg Total 15645 | 1 931 632 1166 452 1301 492 477 1150 1086 598 901 445 83 363 87 499 169 715 1173 53 121 315 887 452 813 283 Wait 897 | . 35 . 69 317 52 9 6 11 13 1 63 1 . 20 . 35 . 10 54 . . 13 72 1 99 16 Move 13025 | . 765 604 955 133 1098 444 402 1031 963 569 818 423 81 290 81 366 163 616 940 50 101 262 655 353 605 257 Hop 1 | . . . . . . . . . . . . . . . . . 1 . . . . . . . . . Pick Up 135 | . 21 3 10 . 22 3 7 6 6 2 1 . . 4 1 5 . 4 9 1 . . 14 8 8 . Fast Attach 140 | . 6 1 5 . 6 2 11 3 4 4 . 2 . 5 1 6 2 19 30 1 1 5 10 8 8 . Attach 106 | . 3 . 6 . 10 5 4 3 2 1 . 1 2 5 . 8 . 4 2 1 . 1 15 12 15 6 Detach 62 | . 7 . 3 . 4 1 4 1 1 1 . 1 . . . 3 . 3 2 . . . 9 11 9 2 Swap 118 | 1 4 2 11 . 7 . 5 8 20 4 9 3 . 2 . 5 . . 7 . 2 3 7 12 6 . Drop 167 | . 18 5 19 . 12 5 15 5 22 6 1 2 . . . 1 . 8 18 . . 3 5 6 16 . Fire 875 | . 67 10 88 2 90 19 23 75 53 9 8 12 . 37 4 65 . 36 77 . 17 28 72 37 44 2 Melee 7 | . . . . . . . . 6 . . 1 . . . . . . . . . . . . . . . Ram 8 | . . . . . . . . . . . . . . . . 5 3 . . . . . . . . . Kick 35 | . 1 . . . . . . . . . . . . . . . . . 34 . . . . . . . Crush 24 | . 4 7 . . . 4 . . 2 1 . . . . . . . . . . . . . 4 2 . Escape Stasis 18 | . . . . . . . . . . . . . . . . . . . . . . . 17 . 1 . Rewire 27 | . . . . . . . . 1 . . . . . . . . . 15 . . . . 11 . . . Trap . | . . . . . . . . . . . . . . . . . . . . . . . . . . . Miscellaneous . | . . . . . . . . . . . . . . . . . . . . . . . . . . . Route ------- -11/Scrapyard -10/Materials (discovered 5 exits: *Mat x3 / [*Min] / [*Sub]) -10/Mines (discovered 3 exits: *Mat x2 / [*Sub]) -9/Materials (discovered 7 exits: *Mat x3 / *Min x2 / [*Sto x2]) -9/Mines -9/Exiles -8/Mines -8/Materials (discovered 2 exits: *Fac / Gar) -8/Garrison (discovered 3 exits: *Mat x3) -8/Materials (discovered 3 exits: *Fac x3) -7/Factory -7/Lower Caves -7/Lower Caves (discovered 2 exits: *Fac / *Dat) -7/Data Miner -6/Proximity Caves -6/Factory (discovered 2 exits: Fac / Gar) -6/Garrison -5/Factory -5/Waste -5/Factory -4/Factory -4/Waste -4/Factory -4/Garrison (discovered 2 exits: [*Res x2]) -3/Research -3/Quarantine (discovered 3 exits: [*Res] / *Sec / *Frg) -3/Protoforge History --------- Turn | Location | Event 3 | -11/Scrapyard | Discovered new exit (range 0) 3 | -11/Scrapyard | Entered Materials 306 | -10/Materials | Build established: Mutant 373 | -10/Materials | Discovered new exit (range 9) 541 | -10/Materials | Discovered new exit (range 6) 758 | -10/Materials | Discovered new exit (range 8) 905 | -10/Materials | Discovered new exit (range 12) 1219 | -10/Materials | Discovered new exit (range 5) 1285 | -10/Materials | Repaired Autogun 1465 | -10/Materials | Entered Mines 1577 | -10/Mines | Found a damaged Exp. Sensor Array with a note attached 1581 | -10/Mines | Found Prototype Device 1639 | -10/Mines | Discovered new exit (range 11) 1684 | -10/Mines | Found a Scrap Suit stashed away for nefarious purposes 1916 | -10/Mines | Discovered new exit (range 6) 1964 | -10/Mines | Learned Materials security intel 2030 | -10/Mines | Joined a pair of Derelicts in attacking an 0b10 outpost 2031 | -10/Mines | Core integrity fell below 50% 2096 | -10/Mines | Identified exit to Materials 2111 | -10/Mines | Received a Rocket Launcher from a helpful Derelict 2144 | -10/Mines | Assisted by bots powering up and referring to "LRC-V3" 2192 | -10/Mines | A weapon hastily lodged in a ceiling crevice suddenly fell to the ground 2482 | -10/Mines | Entered Materials 2482 | -9/Materials | Accompanied by 3 allies 2482 | -9/Materials | Evolved 2 slots: Propulsion x1, Weapon x1 2483 | -9/Materials | Identified exit to Mines 2643 | -9/Materials | Discovered new exit (range 16) 2770 | -9/Materials | Build established: Tank 3179 | -9/Materials | Discovered new exit (range 5) 3188 | -9/Materials | Discovered new exit (range 9) 3792 | -9/Materials | Discovered new exit (range 4) 4161 | -9/Materials | Discovered new exit (range 5) 4254 | -9/Materials | Repaired Med. Armor Plating 4376 | -9/Materials | Entered Mines 4422 | -9/Mines | Assembled infested the area 4541 | -9/Mines | Build established: Scavenger-Tank 4906 | -9/Mines | Deemed a non-threat by the Exiles lab entrance 4906 | -9/Mines | Discovered new exit (range 5) 4913 | -9/Mines | Entered Exiles 4953 | -9/Exiles | Met 8R-AWN 4979 | -9/Exiles | Met EX-HEX 5022 | -9/Exiles | Met EX-BIN 5041 | -9/Exiles | Aligned with FarCom system 5043 | -9/Exiles | Given EX-Vault access code 5080 | -9/Exiles | Opened EX-Vault 5121 | -9/Exiles | Warned to stay clear of 0b10 Research branches 5232 | -9/Exiles | Met EX-DEC 5401 | -9/Exiles | Learned location of Zion (-6) 5466 | -9/Exiles | Visited The Gauntlet 5572 | -9/Exiles | Build established: Tank 5727 | -9/Exiles | Found Longsword +1 5891 | -9/Exiles | Attacked by the Exiles 5960 | -9/Exiles | Destroyed 7 combat bots 6076 | -9/Exiles | Destroyed 8R-AWN 6105 | -9/Exiles | Lost 3 parts (1n1u1w) 6224 | -9/Exiles | Core integrity fell below 50% 6258 | -9/Exiles | Lost 6 parts (1p2n3w) 6454 | -9/Exiles | Found AWS/Autocannon 6511 | -9/Exiles | Build established: Scavenger-Tank 6720 | -9/Exiles | Destroyed EX-DEC 6759 | -9/Exiles | Destroyed EX-HEX 6792 | -9/Exiles | Destroyed EX-BIN 6800 | -9/Exiles | Found Prototype Processor 6810 | -9/Exiles | Found Deploy-a-Sentry 6840 | -9/Exiles | Found Prototype Device 6840 | -9/Exiles | Identified System Purifier 6984 | -9/Exiles | Discovered new exit (range 14) 7002 | -9/Exiles | Stole three prototypes: AWS/Autocannon, Longsword +1, Deploy-a-Sentry 7002 | -9/Exiles | Entered Mines 7024 | -8/Mines | NK-0LA came to Exiles' defense 7033 | -8/Mines | Destroyed NK-0LA 7241 | -8/Mines | Discovered new exit (range 13) 7799 | -8/Mines | Entered Materials 7799 | -8/Materials | Evolved 2 slots: Utility x2 8036 | -8/Materials | Identified Exp. Core Analyzer 8185 | -8/Materials | Build established: Gunner 8185 | -8/Materials | Discovered new exit (range 11) 8370 | -8/Materials | Garrison activated, responded to threat 8455 | -8/Materials | Identified exit to Garrison 8455 | -8/Materials | Entered Garrison 8549 | -8/Garrison | Triggered checkpoint 8585 | -8/Garrison | Rescued a captive Derelict 8585 | -8/Garrison | Rescued a captive Derelict 8719 | -8/Garrison | Triggered checkpoint 8737 | -8/Garrison | Triggered checkpoint 8743 | -8/Garrison | Triggered checkpoint 8777 | -8/Garrison | Discovered new exit (range 8) 8875 | -8/Garrison | Triggered checkpoint 9101 | -8/Garrison | Triggered checkpoint 9156 | -8/Garrison | Discovered new exit (range 10) 9189 | -8/Garrison | Triggered checkpoint 9436 | -8/Garrison | Discovered new exit (range 14) 9791 | -8/Garrison | Garrison Relay disabled 9833 | -8/Garrison | Triggered checkpoint 9896 | -8/Garrison | Attempted to access garrison exit controls, blocked by remote lockdown 10023 | -8/Garrison | Attempted to access garrison exit controls, blocked by remote lockdown 10248 | -8/Garrison | Build established: Scavenger-Mutant 10254 | -8/Garrison | Entered Materials 10579 | -8/Materials | Build established: Scavenger-Gunner 10706 | -8/Materials | Discovered new exit (range 11) 11217 | -8/Materials | Discovered new exit (range 5) 11754 | -8/Materials | Discovered new exit (range 13) 12022 | -8/Materials | Entered Factory 12022 | -7/Factory | Evolved 2 slots: Utility x2 12258 | -7/Factory | Discovered new exit (range 7) 12961 | -7/Factory | Identified exit to Lower Caves 12961 | -7/Factory | Entered Lower Caves 12961 | -7/Lower Caves | Identified Exp. Sensor Array 12976 | -7/Lower Caves | Met a Warlord Commander 12977 | -7/Lower Caves | Learned location of Warlord (-4) 12978 | -7/Lower Caves | Warlord Commander delivered Encrypted Comm Array 12981 | -7/Lower Caves | Found Encrypted Comm Array 13560 | -7/Lower Caves | Destroyed 7 combat bots 13634 | -7/Lower Caves | Identified exit to Lower Caves 13984 | -7/Lower Caves | Learned Factory trap positions 14017 | -7/Lower Caves | Encountered a Warlord checkpoint 14330 | -7/Lower Caves | Entered another Lower Caves area 14435 | -7/Lower Caves | Learned Factory emergency access door positions 14456 | -7/Lower Caves | Entered a destroyed Warlord outpost 14527 | -7/Lower Caves | Discovered new exit (range 10) 14539 | -7/Lower Caves | Identified exit to Factory 14924 | -7/Lower Caves | Spotted XS-M6R(f) 14924 | -7/Lower Caves | Spotted KR-PQG(f) 14926 | -7/Lower Caves | Encountered a Master Thief 14926 | -7/Lower Caves | Encountered a Master Thief 14926 | -7/Lower Caves | Deploy-a-Sentry stolen by Master Thief 14927 | -7/Lower Caves | Spotted Z1-A81(f) 14927 | -7/Lower Caves | AWS/Autocannon stolen by Master Thief 14928 | -7/Lower Caves | Encountered a Master Thief 14928 | -7/Lower Caves | Spotted 3I-OYM(f) 14929 | -7/Lower Caves | Encountered a Master Thief 14930 | -7/Lower Caves | Longsword +1 stolen by Master Thief 14947 | -7/Lower Caves | Exp. Sensor Array stolen by Master Thief 14967 | -7/Lower Caves | Discovered new exit (range 11) 14992 | -7/Lower Caves | Learned Factory trap positions 15032 | -7/Lower Caves | Identified exit to Data Miner 15033 | -7/Lower Caves | Entered Data Miner 15033 | -7/Data Miner | Discovered new exit (range 6) 15063 | -7/Data Miner | Met Data Miner 15092 | -7/Data Miner | Learned location of Section 7 (-3) 15092 | -7/Data Miner | Acquired the access code to Warlord's prototype stash 15123 | -7/Data Miner | Received God Mode back door access code from Data Miner 15157 | -7/Data Miner | Identified exit to Proximity Caves 15161 | -7/Data Miner | Entered Proximity Caves 15343 | -6/Proximity Caves | Learned 8 Factory zone layouts 15487 | -6/Proximity Caves | Learned Factory security intel 15505 | -6/Proximity Caves | Build established: Gunner 15522 | -6/Proximity Caves | Spotted B-75 Beast 15629 | -6/Proximity Caves | Destroyed B-75 Beast 15635 | -6/Proximity Caves | Lost 9 parts (2p3n2u2w) 15663 | -6/Proximity Caves | Found DCF Scrap (14 items) 15705 | -6/Proximity Caves | Discovered exit to Factory (range 8) 15736 | -6/Proximity Caves | Entered Factory 15736 | -6/Factory | Evolved 2 slots: Propulsion x1, Utility x1 15737 | -6/Factory | Identified exit to Factory 15738 | -6/Factory | Loaded intel: 113 trap records 15878 | -6/Factory | Identified exit to Garrison 15878 | -6/Factory | Entered Garrison 15908 | -6/Garrison | Triggered checkpoint 15953 | -6/Garrison | Garrison Relay disabled 15975 | -6/Garrison | Build established: Derelict-Gunner 16064 | -6/Garrison | Heavy support dispatched to Factory 16310 | -6/Garrison | Spotted B-75 Beast 16406 | -6/Garrison | Destroyed B-75 Beast 16434 | -6/Garrison | Lost 8 parts (3n3u2w) 16883 | -6/Garrison | Released all parts (10) 16905 | -6/Garrison | Core integrity fell below 50% 16912 | -6/Garrison | Triggered checkpoint 16931 | -6/Garrison | Discovered exit to Factory (range 10) 16937 | -6/Garrison | Entered Factory 16937 | -5/Factory | Evolved 2 slots: Propulsion x2 16938 | -5/Factory | Loaded intel: 89 trap records 17019 | -5/Factory | Manually triggered Chute Trap 17019 | -5/Factory | Sucked down chute 17019 | -5/Factory | Entered Waste 17019 | -5/Waste | The area was eerily silent 17110 | -5/Waste | Discovered new exit (range 21) 17144 | -5/Waste | Found Prototype Device 17144 | -5/Waste | Identified Exp. Phase Shifter 17209 | -5/Waste | A Compactor rumbled back to life 17216 | -5/Waste | Crushed by Compactor (1 part destroyed, 2 dropped) 17225 | -5/Waste | Crushed by Compactor (1 part destroyed, 2 dropped) 17232 | -5/Waste | Spotted C-40 Crusher 17268 | -5/Waste | Lost 3 parts (1u2w) 17450 | -5/Waste | Destroyed C-40 Crusher 17838 | -5/Waste | Found Damper Plating 18067 | -5/Waste | Entered Factory 18142 | -5/Factory | Build established: Scavenger-Tank 19130 | -5/Factory | Lost 3 parts (2n1u) 19291 | -5/Factory | Lost 5 parts (1n1u3w) 19502 | -5/Factory | Lost 3 parts (2p1n) 19748 | -5/Factory | Discovered new exit (range 10) 19758 | -5/Factory | Entered another Factory area 19758 | -4/Factory | Evolved 2 slots: Power x1, Utility x1 19816 | -4/Factory | Sucked down chute 19816 | -4/Factory | Entered Waste 19817 | -4/Waste | Met a frightened Derelict 19820 | -4/Waste | Spotted C-40 Crusher 19831 | -4/Waste | EMP discharged 19840 | -4/Waste | Spotted C-40 Crusher 19843 | -4/Waste | Destroyed C-40 Crusher 19848 | -4/Waste | Spotted C-40 Crusher 19852 | -4/Waste | Destroyed C-40 Crusher 19854 | -4/Waste | Spotted C-40 Crusher 19870 | -4/Waste | Destroyed C-40 Crusher 19882 | -4/Waste | Spotted C-40 Crusher 19886 | -4/Waste | Destroyed C-40 Crusher 19888 | -4/Waste | Spotted C-40 Crusher 19904 | -4/Waste | Destroyed C-40 Crusher 19911 | -4/Waste | Destroyed C-40 Crusher 19931 | -4/Waste | EMP discharged 19931 | -4/Waste | System corruption reached 10% 19943 | -4/Waste | Discovered new exit (range 22) 19986 | -4/Waste | Entered Factory 20112 | -4/Factory | Build established: Tank 20291 | -4/Factory | Garrison activated, responded to threat 20367 | -4/Factory | Destroyed 12 combat bots 20381 | -4/Factory | Identified exit to Garrison 20381 | -4/Factory | Entered Garrison 20443 | -4/Garrison | Triggered checkpoint 20465 | -4/Garrison | Found embedded Infiltrators 20535 | -4/Garrison | Triggered checkpoint 20671 | -4/Garrison | Triggered checkpoint 20729 | -4/Garrison | Triggered checkpoint 20839 | -4/Garrison | Triggered checkpoint 20893 | -4/Garrison | Garrison Relay disabled 20950 | -4/Garrison | Discovered new exit (range 11) 21132 | -4/Garrison | Build established: Scavenger-Gunner 21190 | -4/Garrison | Lost 3 parts (1p2n) 21201 | -4/Garrison | Destroyed 9 combat bots 21279 | -4/Garrison | Garrison Relay disabled 21303 | -4/Garrison | Discovered new exit (range 9) 21309 | -4/Garrison | Spotted B-90 Cyclops 21365 | -4/Garrison | Destroyed B-90 Cyclops 21394 | -4/Garrison | Lost 4 parts (1p1n2w) 21482 | -4/Garrison | Rewired B-75 Beast 21532 | -4/Garrison | Attempted to access garrison exit controls, blocked by remote lockdown 21684 | -4/Garrison | Entered Research 21684 | -3/Research | Accompanied by 1 ally 21684 | -3/Research | Evolved 2 slots: Utility x2 21880 | -3/Research | Spotted B-86 Titan 21896 | -3/Research | Destroyed B-86 Titan 21901 | -3/Research | Garrison activated, responded to threat 21946 | -3/Research | Lost 6 parts (1p3n1u1w) 22028 | -3/Research | Destroyed 7 combat bots 22072 | -3/Research | Incoming investigation squad redirected 22133 | -3/Research | Found Prototype Processor 22133 | -3/Research | Identified Exp. Melee Analysis Suite 22294 | -3/Research | Discovered new exit (range 20) 22294 | -3/Research | Spotted B-90 Cyclops 22352 | -3/Research | Entered Quarantine 22493 | -3/Quarantine | Build established: Gunner 22499 | -3/Quarantine | Discovered new exit (range 13) 22517 | -3/Quarantine | Found Alien Artifact 22533 | -3/Quarantine | Scanned by Researcher 22556 | -3/Quarantine | Found Alien Artifact 22559 | -3/Quarantine | Found Alien Artifact 22562 | -3/Quarantine | Found Alien Artifact 22568 | -3/Quarantine | Identified Transdimensional Reconstructor (x2) 22568 | -3/Quarantine | Warped through subspace 22775 | -3/Quarantine | Spotted Alpha 7 22823 | -3/Quarantine | Destroyed Alpha 7 22853 | -3/Quarantine | Lost 8 parts (4n1u3w) 23074 | -3/Quarantine | Identified Hpw. Transdimensional Reconstructor (x2) 23074 | -3/Quarantine | Warped through subspace 23105 | -3/Quarantine | Lost 7 parts (1p3n1u2w) 23127 | -3/Quarantine | Found Alien Artifact 23127 | -3/Quarantine | Identified Phase Armor 23191 | -3/Quarantine | Found Alien Artifact 23209 | -3/Quarantine | Found Alien Artifact 23256 | -3/Quarantine | Spotted Fortress 23262 | -3/Quarantine | Identified Terrabomb (x2) 23262 | -3/Quarantine | Used Terrabomb 23273 | -3/Quarantine | Core integrity fell below 50% 23274 | -3/Quarantine | Crushed by falling debris 23303 | -3/Quarantine | Discovered new exit (range 6) 23303 | -3/Quarantine | Discovered new exit (range 6) 23305 | -3/Quarantine | Identified exit to Protoforge 23307 | -3/Quarantine | Identified exit to Section 7 23309 | -3/Quarantine | Entered Protoforge 23314 | -3/Protoforge | Superfortress began startup sequence 23425 | -3/Protoforge | Warped through subspace 23443 | -3/Protoforge | Warped through subspace 23443 | -3/Protoforge | Spotted B-86 Titan 23448 | -3/Protoforge | Core integrity fell below 20% 23462 | -3/Protoforge | Used Terrabomb 23462 | -3/Protoforge | Spotted Hotshot 23463 | -3/Protoforge | Spotted Hotshot 23463 | -3/Protoforge | Spotted Hotshot 23465 | -3/Protoforge | Destroyed by S-43 Plague with Heavy Machine Gun Last Messages --------------- 23314_ ALERT: Superfortress powering up for active defense. 23315_ Terminal disabled. 23321_ ALERT: Hostiles spotted, dispatching reinforcements to Terminal F015. 23331_ System corrupted: Heat flow error (+209). 23332_ Connecting with Terminal... 23367_ System corrupted: FCS attempts to trigger Nova Cannon. 23369_ U-05 Engineer builds a Wall. 23390_ System corrupted: Matter fused (-9). 23423_ W-44 Eye sends out distress signal. 23425_ Warped through subspace. 23437_ HXGDCA3AS3XLMXRX<5EZ =DV| 23441_ W-44 Eye sends out distress signal. 23443_ Warped through subspace. 23447_ Penetrated by Slug. 23448_ Acquired 1 matter. 23452_ K-01 Serf cleans the Positron Recycler. 23462_ Terrabomb activated. 23462_ Adv. Sensor Array destroyed. 23462_ Penetrated by Slug. Map ----- +----------------------------------------------------+ | ?????????????????????????????????????????????????? | | ?????????????????????????????????????????????????? | | ?????????????????????????????????????????????????? | | ?????????????????????????????????????????????????? | | ?????????????????????????????????????????????????? | | ?????????????????????????????????????????????????? | | ?????????????????????????????????????????????????? | | ?????????????????????????????????????????????????? | | ?????????????????????????????????????????????????? | | ?????????????????????????????????????????????????? | | ??????????????????????? ; ?????????????????????? | | ????????????????????? ; ;???????????????????? | | ?????????????????? ; ; "?????????????????? | | ??????????##### ;;;; ; " ????????????????? | | ??????????# k ; " ????????????????? | | ??????????# /g ""?????????????? | | ?????????? ; "g """ ???????????? | | ?????????? ;;;;;;+;;;;;;; " g k ???????????? | | ????????? ; ; ; ; " +??????????? | | ????????? ; ; " " ; ; u ;??????????? | | ???????? ; ; " " ; ;;;;;;;;;;??????????? | | ????????? ; ; " " ; ; ????????????? | | ???????? ; ; ; ; """????????????? | | ######## ; ; ; ; ; """????????????? | | ;;;;;;;;;Y; ; """ ???????????? | | ^ s ;;@; ; ;????????? | | s sss ; ; """????????????? | | """" """" """" """" ; ; """????????????? | | """" """" """" """" ; ; """????????????? | | """" """" """" """" ; ; ???????????? | | """" """" """" """" ; ;;;;;;;;??????????? | | ;;;;;;;;;;;;;;;;??????????? | | ??????????? | | ???????????? | | u ???????????? | | #########+######;;;;k ;;;;;;;;;;; ????????????? | | ????????? ???? ; ; T"; ; ????????????? | | ????????? ???? ; ; "";"""" ; ?????????????? | | ??????????????? ;w ;"""" ???????????????? | | ???????????????? Y ?;"???? ?????????????????? | | ?????????????????? ?;"??????????????????????? | | ??????????????????? ? ???????????????????????? | | ??????????????????? ?????????????????????????? | | ?????????????????????????????????????????????????? | | ?????????????????????????????????????????????????? | | ?????????????????????????????????????????????????? | | ?????????????????????????????????????????????????? | | ?????????????????????????????????????????????????? | | ?????????????????????????????????????????????????? | | ?????????????????????????????????????????????????? | +----------------------------------------------------+ Best States ------------- Heat Dissipation 150 Coolant Potential 120 Energy Generation 59 Energy Capacity 725 Matter Stores 300 Matter Capacity 300 Sight Range 22 Robot Scan Range 20 Terrain Scan Density 10 Power Amplification 60 EM Shielding 4 Corruption Block 15 Armor Coverage 3200 Resistance: TH 25 Resistance: EM 90 Propulsion Shielding 66 Weapon Cycling 15 Evasion (%) 70 Targeting Accuracy 8 Launcher Accuracy 40 Target Analysis 8 Core Analysis 8 Armor Integrity Analysis 30 Recoil Reduction 6 Defensive Hacking 14 Item Schematics ----------------- Combat Drone Bay | -7/Data Miner | Free Lgt. Regenerative Plating | -7/Data Miner | Free Cld. Aerolev Unit | -7/Data Miner | Free Gravity Neutralizer | -7/Data Miner | Free Imp. Heavy Machine Gun | -7/Data Miner | Free Linear Gravjet | -7/Data Miner | Free Lrn. Tractor Beam | -7/Data Miner | Free Lance | -7/Data Miner | Free Imp. Coolant Injector | -7/Data Miner | Free Graphene Brace | -7/Data Miner | Free Exp. Target Analyzer | -3/Quarantine | Archive Com. Particle Reactor | -3/Quarantine | Archive Exp. Matter Compressor | -3/Quarantine | Archive Exp. EM Disruption Field | -3/Quarantine | Archive Robot Schematics ------------------ S-27 Virus | -7/Data Miner | Free L-41 Fighter | -7/Data Miner | Free R-10 Processor | -7/Data Miner | Free M-28 Smith | -7/Data Miner | Free B-60 Warrior | -7/Data Miner | Free S-43 Plague | -3/Quarantine | Archive A-15 Conveyor | -3/Quarantine | Archive Fabricated ------------ Nothing Repaired ---------- Autogun | 70% | -10/Materials Med. Armor Plating | 10% | -9/Materials Alien Tech Used ----------------- Transdimensional Reconstructor High-powered Transdimensional Reconstructor Phase Armor Terrabomb Achievements -------------- Wheee! Challenges ------------ None Game ------ Seed MatterHeartModule Manual? 0 Play Time 02:51:51 Cumulative 329.2 hours Start 2025.06.16 @ 17:51:50 End 2025.06.17 @ 12:07:43 Sessions 3 Manual Loads 0 Difficulty Rogue Special Mode None Game No. 229 Rogue 229 Adventurer 0 Explorer 0 Win Type - Total 25 Types 19/0/4/2/0/0/0/0/0/0 Lore% 88 Gallery% 76 Achievement% 66 Wizard Run 0 Options --------- Layout 0 ASCII 1 Keyboard 1 Movement Arrows Keybinds 0 Fullscreen 2 Font 18/Terminus Map View 76x50 Zoom Use 0% Tactical HUD 1 Map Filters NONE Filters NONE Steam 1 RUN: fe1308b3-65fe-4576-b7c5-28584b4504f8